AoeStats
← BSHammer

Arena

508131608Analyzed
4v4 RM · 12d ago on Sep 21, 2026· 27m 21s· 8 players
Game mode
Random Map
Map size
Large (8 player)
Population
200
Speed
Normal
Resources
Standard
Victory
Conquest
Starting age
Dark Age
Ending age
Imperial Age
RankedLock teamsTeams togetherTeam positionsShared explorationLock speedFull tech treeHidden civsTurbo modeCheats
Victory
Defeat
🇺🇸 Slavs · United States
1630
+12
🇺🇸 Bohemians · United States
1613
+13
🇺🇸 Celts · United States
1567
+15
🇺🇸 Ethiopians · United States
1539
+16
🇯🇵 Persians · Japan
1630
-17
🇯🇵 Mongols · Japan
1535
-14
🇲🇽 Sicilians · Mexico
1527
-13
🇯🇵 Romans · Japan
1487
-12
happikon.6139
9:49 Feudal Age
13:52 Castle Age
12:09 Double-Bit Axe
12:11 Horse Collar
15:36 Bow Saw
20:27 Gold Mining
21:44 Forging
21:39 Loom
22:30 Wheelbarrow
25:36 Heavy Plow
26:13 Gold Shaft Mining
29:24 Imperial Age
eloysuarez93
10:13 Feudal Age
15:03 Castle Age
13:20 Horse Collar
13:46 Double-Bit Axe
16:45 Bow Saw
17:01 Heavy Plow
21:34 Stone Mining
22:32 Wheelbarrow
22:20 Gold Mining
24:11 Gold Shaft Mining
23:24 Loom
24:13 Hand Cart
25:19 Stone Shaft Mining
25:02 Town Watch
29:14 Imperial Age
26:58 Bloodlines
26:49 Husbandry
EM
10:50 Feudal Age
16:05 Castle Age
14:44 Double-Bit Axe
15:15 Horse Collar
19:38 Wheelbarrow
20:28 Fletching
YEBISU
5:44 Loom
8:10 Feudal Age
9:06 Double-Bit Axe
9:18 Horse Collar
25:11 Castle Age
25:27 Fletching
25:31 Gold Mining
26:35 Bow Saw
Lucas Ducas
7:48 Loom
10:25 Feudal Age
11:11 Double-Bit Axe
20:58 Wheelbarrow
25:19 Castle Age
23:59 Town Watch
24:03 Horse Collar
26:20 Bow Saw
26:38 Hand Cart
koriko9397
10:35 Feudal Age
14:37 Castle Age
13:18 Double-Bit Axe
13:53 Horse Collar
20:00 Bow Saw
21:01 Wheelbarrow
21:48 Heavy Plow
24:23 Hand Cart
25:18 Town Watch
25:20 Loom
29:56 Imperial Age
BSHammer
10:39 Feudal Age
14:57 Castle Age
13:52 Double-Bit Axe
14:36 Horse Collar
15:19 Loom
16:15 Bow Saw
20:16 Wheelbarrow
22:48 Pikeman
26:11 Scale Mail Armor
Harristotle
10:58 Feudal Age
14:20 Castle Age
12:36 Double-Bit Axe
13:13 Gold Mining
13:36 Horse Collar
14:30 Loom
23:52 Wheelbarrow
Connection lost

Rejoining the realm…

Still unreachable

The connection could not be restored.

Session expired

The server has moved on; the page needs a fresh start.